 Dungeon Crawl Stone Soup version 0.29-a0-911-g88e6f02907 (webtiles) character file.

Game seed: 9525734883749918012

93 gelatine the Firebug (level 4, -2/27 HPs)
             Began as an Octopode Fire Elementalist on July 25, 2022.
             Was a Believer of Elyvilon.
             Slain by a gnoll
             ... wielding a +0 club
              (4 damage)
             ... on level 3 of the Dungeon.
             The game lasted 00:05:47 (2825 turns).

gelatine the Firebug (Octopode Fire Elementalist)   Turns: 2825, Time: 00:05:47

Health: -2/27      AC:  1    Str:  7    XL:     4   Next: 62%
Magic:  1/8        EV: 13    Int: 19    God:    Elyvilon [**....]
Gold:   157        SH:  0    Dex: 12    Spells: 7/8 levels left

rFire   + . .      SeeInvis .   (no weapon)
rCold   + . .      Faith    .   (no shield)
rNeg    . . .      Spirit   .   (helmet restricted)
rPois   +          Reflect  .   (no amulet)
rElec   +          Harm     .   (no ring)
rCorr   +          Rampage  .   (no ring)
Will    .....                   (no ring)
Stlth   +++.......              (no ring)
HPRegen 0.09/turn               (no ring)
MPRegen 0.11/turn               (no ring)
                                (no ring)
                                (no ring)

@: resistant, attractive
A: almost no armour, amphibious, 8 rings, camouflage 1, gelatinous body 1,
(nimble swimmer 1), tentacles
a: Renounce Religion, Purification, Heal Other


You were on level 3 of the Dungeon.
You worshipped Elyvilon.
Elyvilon was pleased with you.
You visited 1 branch of the dungeon, and saw 3 of its levels.

You collected 157 gold pieces.

Inventory:

Hand Weapons
 b - a +0 dagger
 d - a +0 hand axe
Missiles
 c - 5 poisoned darts
Jewellery
 k - a ring of ice
Scrolls
 g - 3 scrolls of identify {unknown}
 m - a scroll of fog {unknown}
 o - a scroll of blinking {unknown}
Potions
 a - 2 potions of magic
 h - a potion of cancellation {unknown}
 i - a potion of heal wounds {unknown}
 j - a potion of brilliance {unknown}
 l - a potion of invisibility {unknown}
 n - a potion of might {unknown}


   Skills:
 + Level 0.2 Throwing
 + Level 2.3 Dodging
 + Level 3.0 Stealth
 + Level 0.1 Unarmed Combat
 + Level 2.9 Spellcasting
 + Level 2.4 Conjurations
 + Level 3.5 Fire Magic


You had 7 spell levels left.
You knew the following spells:

 Your Spells              Type           Power      Damage    Failure   Level
a - Foxfire               Conj/Fire      56%        2x1d6     4%          1

Your spell library contained the following spells:

 Spells                   Type           Power      Damage    Failure   Level
 Scorch                   Fire           32%        2d7       5%          2
 Conjure Flame            Conj/Fire      14%        6-21      14%         3
 Inner Flame              Hex/Fire       9%         N/A       22%         3
 Flame Wave               Conj/Fire      14%        2d6       41%         4


Dungeon Overview and Level Annotations

Branches:
Dungeon (3/15)

Altars:
Elyvilon


Innate Abilities, Weirdness & Mutations

You cannot wear most types of armour.
You are amphibious.
You can wear up to eight rings at the same time.
Your skin changes colour to match your surroundings (Stealth+).
Your rubbery body absorbs attacks. (AC +1, EV +1)
((You are camouflaged when in or above water. (Stealth+)))
You have tentacles for arms and can constrict up to eight enemies at once.


Message History

There is an open door here.
You conjure some foxfire!
You are out of magic!
Your foxfire dissipates!
The foxfire hits the gnoll.
You kill the gnoll!
Your Conjurations skill increases to level 2!
You closely miss the gnoll. Your grab misses the gnoll. You squeeze the gnoll!
The gnoll is heavily wounded.
The gnoll barely misses you. The gnoll hits you but does no damage.
You barely miss the gnoll. Your grab misses the gnoll.
The gnoll is heavily wounded.
The gnoll hits you with a +0 flail!
The gnoll hits you from afar with a +0 spear!
You tentacle-slap the gnoll but do no damage.
Your grab misses the gnoll. You squeeze the gnoll.
You kill the gnoll!
The gnoll closely misses you.
You tentacle-slap the gnoll but do no damage.
You grab the gnoll. You constrict the gnoll. The gnoll barely misses you. x2
You tentacle-slap the gnoll but do no damage.
You tentacle-slap the gnoll. You squeeze the gnoll.
The gnoll is severely wounded.
You constrict the gnoll, but do no damage.
The gnoll hits you with a +0 club.
* * * LOW HITPOINT WARNING * * *
The gnoll barely misses you.
It was a potion of resistance.
You feel protected.
You constrict the gnoll, but do no damage.
The gnoll hits you with a +0 club.
* * * LOW HITPOINT WARNING * * *
The gnoll hits you from afar with a +0 spear.
* * * LOW HITPOINT WARNING * * *
You release your grip on the gnoll.
Found a book of the Spheres.
The gnoll attacks as you move away! The gnoll barely misses you.
It was a potion of attraction.
You feel attractive to monsters. The gnoll hits you with a +0 club.
You die...

.....[........).# .#
#####..####.....# ...
#####..# #.##..#
.#.##......# ##....#
#........$.#####.######
#..............ยง......#
#............#.<#.###.#
#..........#.#.##.#.#.#
#.:...@.#...#........#
#######g#...####.#####
#.#............#
####g#...####.###.#
#...r.....# #.....#
#...).....# #######
#........## #.........#
#=........#


You could see 2 gnolls and a rat.

Vanquished Creatures
  2 gnolls (D:3)
  3 adders (D:2)
  A worm (D:2)
  6 endoplasms
  2 giant cockroaches
  5 goblins
  4 hobgoblins
  3 kobolds
  2 quokkas
  4 ball pythons
  2 bats (D:2)
  6 frilled lizards
  6 rats
46 creatures vanquished.

Vanquished Creatures (others)
  187 foxfires
187 creatures vanquished.

Grand Total: 233 creatures vanquished

Notes
Turn   | Place    | Note
-------+----------+-------------------------------------------
     0 | D:1      | gelatine the Octopode Fire Elementalist began the quest for
                  | the Orb.
     0 | D:1      | Reached XP level 1. HP: 11/11 MP: 3/3
   257 | D:1      | Reached XP level 2. HP: 11/17 MP: 0/5
  1044 | D:1      | Found a faded altar of an unknown god.
  1055 | D:1      | Prayed at the altar of an unknown god.
  1055 | D:1      | Became a worshipper of Elyvilon the Healer
  1055 | D:1      | Reached * piety under Elyvilon
  1499 | D:2      | Reached XP level 3. HP: 14/21 MP: 2/6
  1795 | D:2      | Reached ** piety under Elyvilon
  2242 | D:2      | Reached XP level 4. HP: 27/27 MP: 4/8
  2825 | D:3      | Slain by a gnoll

Illustrated notes

Levels and vault maps discovered:
D:1:      shiori_arrival_elements, layout_basic, basic_ecumenical_altar
D:2:      layout_basic, minmay_liquid_box, minmay_small_reverse_x
D:3:      layout_basic, grunt_temple_overflow_growth_and_decay,
          lemuel_tele_altar

Skill      XL: |  1  2  3  4 |
---------------+-------------+-----
Stealth        | 3 |  3.0
Conjurations   | 2 |  2.4
Throwing       | |  0.2
Dodging        | |  2.3
Unarmed Combat | |  0.1
Spellcasting   | |  2.9
Fire Magic     | |  3.5

Action                   |  1- 3 |  4- 6 || total
-------------------------+-------+-------++-------
Melee: Unarmed           |    26 |    11 ||    37
       Constrict         |     8 |     2 ||    10
       Tentacles         |     7 |     5 ||    12
       Punch             |     1 |     2 ||     3
Throw: Dart              |     3 |       ||     3
 Cast: Foxfire           |    81 |    33 ||   114
  Use: Potion            |       |     2 ||     2
Armor: Skin              |     3 |     1 ||     4
Dodge: Dodged            |    17 |    11 ||    28

Table legend: (Time is in decaauts)
 A = Elapsed time spent in this place.
 B = Non-inter-level travel time spent in this place.
 C = Inter-level travel time spent in this place.
 D = Time resting spent in this place.
 E = Time spent auto-exploring this place.
 F = Levels seen in this place.
 G = Mean time per level.
                   A        B        C        D        E       F      G
               +--------+--------+--------+--------+--------+-----+--------+
         Total |   2824 |   2781 |     43 |      0 |   2433 |   3 |  941.3 |
       Dungeon |   2824 |   2781 |     43 |      0 |   2433 |   3 |  941.3 |
               +--------+--------+--------+--------+--------+-----+--------+

Top non-repeatable levels by time:
     D:1: 1354 daAuts
     D:2: 1352 daAuts
     D:3: 117 daAuts
